 Dungeon Crawl Stone Soup version 0.28-a0-631-g0446da8ef9 (webtiles) character file.

Game seed: 17855274368885745218

1493 Pooter the Cleaver (level 8, -2/71 HPs)
             Began as a Minotaur Fighter on Oct 9, 2021.
             Was an Initiate of Okawaru.
             Engulfed by a cloud of freezing vapour (26 damage)
             ... on level 6 of the Dungeon.
             The game lasted 00:26:03 (4893 turns).

Pooter the Cleaver (Minotaur Fighter)               Turns: 4893, Time: 00:26:03

Health: -2/71      AC: 11    Str: 28    XL:     8   Next: 51%
Magic:  7/7        EV:  8    Int:  5    God:    Okawaru [......]
Gold:   277        SH:  4    Dex: 10    Spells: 7/7 levels left

rFire   x . .      SeeInvis .   y - +8 long sword of Terror {vorpal, rPois rF- rN+}
rCold   . . .      Faith    .   c - +0 buckler
rNeg    + + .      Spirit   .   p - +0 chain mail
rPois   +          Reflect  .   (helmet restricted)
rElec   .          Harm     .   (no cloak)
rCorr   .          Rampage  .   j - +1 pair of gloves
Will    .....                   (no boots)
Stlth   ..........              (no amulet)
HPRegen 0.21/turn               A - ring of Qorup {rN+ Str+5}
MPRegen 0.10/turn               (no ring)

@: flying
A: horns 2, retaliatory headbutt
a: Renounce Religion


You were on level 6 of the Dungeon.
You worshipped Okawaru.
Okawaru was noncommittal.
You visited 2 branches of the dungeon, and saw 7 of its levels.

You collected 277 gold pieces.

Inventory:

Hand Weapons
 a - a +5 broad axe of venom
   (You acquired it on level 4 of the Dungeon)
 b - a +0 hunting sling
   (You took it off a goblin on level 4 of the Dungeon)
 v - a +0 trident
   (You took it off Blork the orc on level 4 of the Dungeon)
 y - the +8 long sword of Terror (weapon) {vorpal, rPois rF- rN+}
   (You found it on level 5 of the Dungeon)

   It inflicts extra damage upon your enemies.
   rF:        It makes you vulnerable to fire.
   rPois:     It protects you from poison.
   rN:        It protects you from negative energy.
Missiles
 h - 43 poisoned darts (quivered)
 B - 36 sling bullets
 Q - 147 stones
Armour
 c - a +0 buckler (worn)
 i - the +0 robe of the Six of Wands {+Inv rC+++ Int-3 Slay+2}
   (You found it on level 6 of the Dungeon)

   Int:       It affects your intelligence (-3).
   Slay:      It affects your accuracy & damage with ranged weapons and melee
   (+2).
   rC:        It renders you almost immune to cold.
   +Inv:      It lets you turn invisible.
 j - a +1 pair of gloves (worn)
   (You found it on level 2 of the Dungeon)
 p - a +0 chain mail (worn)
   (You found it on level 3 of the Dungeon)
Jewellery
 A - the ring of Qorup (left hand) {rN+ Str+5}
   (You acquired it on level 5 of the Dungeon)

   [ring of positive energy]

   Str:       It affects your strength (+5).
   rN:        It protects you from negative energy.
Wands
 d - a wand of iceblast (11)
   (You found it on level 5 of the Dungeon)
Scrolls
 e - a scroll of fear {unknown}
 l - a scroll of magic mapping {unknown}
 n - a scroll of amnesia {unknown}
 q - 2 scrolls of noise {!r}
 r - 2 scrolls of enchant weapon {unknown}
 t - 2 scrolls of teleportation {@r4}
 w - 2 scrolls of fog {unknown}
 C - a scroll of torment {unknown}
 D - a scroll of summoning {unknown}
Potions
 f - a potion of magic {unknown}
 g - a potion of resistance {unknown}
 k - a potion of attraction {unknown}
 m - 2 potions of flight
 o - 2 potions of haste {unknown}
 s - 2 potions of curing {@q1}
 u - a potion of might
 x - 2 potions of heal wounds {unknown}
 z - a potion of ambrosia {unknown}


   Skills:
 + Level 6.6 Fighting
 - Level 2.4 Long Blades
 * Level 8.0 Axes
 + Level 3.3 Throwing
 - Level 3.6 Armour
 + Level 3.8 Stealth
 - Level 4.0 Shields
 + Level 2.6 Evocations


You had 7 spell levels left.
You didn't know any spells.
Your spell library contained the following spells:

 Spells                   Type           Power      Damage    Failure   Level
 Gell's Gravitas          Tloc           0%         N/A       100%        3
 Lesser Beckoning         Tloc           0%         N/A       100%        3
 Teleport Other           Tloc           0%         N/A       100%        3


Dungeon Overview and Level Annotations

Branches:
Dungeon (6/15)             Temple (1/1) D:6

Altars:
Cheibriados
Dithmenos
Elyvilon
Fedhas
Hepliaklqana
Kikubaaqudgha
Makhleb
Nemelex Xobeh
Okawaru
Qazlal
Sif Muna
Trog
Vehumet
Wu Jian
Xom
The Shining One


Innate Abilities, Weirdness & Mutations

You have a pair of horns on your head.
You reflexively headbutt those who attack you in melee.


Message History

A bullfrog comes into view.
The necrophage hits you. You partially resist.
You feel drained.
You slash the necrophage!
You destroy the necrophage!
Okawaru accepts your kill. The bullfrog barely misses you.
Your life force feels restored.
You hit the bullfrog. You block the bullfrog's attack. x2
You hit the bullfrog. Your headbutt misses the bullfrog.
The bullfrog hits you but does no damage.
The bullfrog barely misses you.
You barely miss the bullfrog.
The bullfrog hits you but does no damage. x2
You slash the bullfrog!
You kill the bullfrog!
Okawaru accepts your kill.
B - 34 sling bullets (gained 1);
D - a scroll labelled GEIGO MIANI
B - 36 sling bullets (gained 2)
Found a stone staircase leading up.
An ice beast comes into view.
You slice the ice beast!! Your headbutt misses the ice beast.
The ice beast barely misses you.
You slash the ice beast!
You kill the ice beast!
Okawaru accepts your kill.
Your Axes skill increases to level 8!
Found a knobbly diamond ring.
A centaur skeleton comes into view.
Found a scroll labelled MEPPUMN MAUGG.
Found 28 stones.
Found a hunting sling.
You slash the centaur skeleton!
You block the centaur skeleton's attack.
The centaur skeleton kicks you but does no damage.
You slash the centaur skeleton!
You destroy the centaur skeleton!
Okawaru accepts your kill.
Found 21 gold pieces.
You open the door.
There is an open door here.
Really walk into a travel-excluded area?
You are engulfed in freezing vapours.
Okay, then.
You are engulfed in freezing vapours.
* * * LOW HITPOINT WARNING * * *
Okay, then.
It was a potion of flight.
You feel very buoyant.
You fly up into the air.
You are engulfed in freezing vapours.
You die...

##☼#§## ##.#§##
##○#§## ##○#§##
##○#§## # ##§#§## .
###§#§## # #.#§#○## .
#.#§#@## # #.#§#○## .
#.#§#○## #
####.#§#○## ##
......#$#○###### ##
.#
........#)#○#....#...
>#
........#(#○#........
.#
........#?#.'........
..
........#=#.#........


There were no monsters in sight!

Vanquished Creatures
  A centaur zombie (D:6)
  A black bear (D:6)
  A necrophage (D:6)
  An ice beast (D:6)
  An ogre (D:4)
  A centaur (D:6)
  A phantom (D:5)
  Blork the orc (D:4)
  A scorpion (D:6)
  A bullfrog (D:6)
  A water moccasin skeleton (D:4)
  2 bullfrog zombies (D:6)
  A jelly (D:4)
  A gnoll shaman (D:4)
  A centaur skeleton (D:6)
  A hound (D:5)
  Natasha (twice) (D:3)
  An orc wizard (D:5)
  5 adders
  3 gnolls (D:5)
  2 worms (D:2)
  A dart slug (D:3)
  13 orcs
  A ball python (D:1)
  8 bats
  6 endoplasms
  A giant cockroach (D:4)
  9 goblins
  5 hobgoblins
  3 jackals (D:1)
  4 quokkas
  4 frilled lizards
  11 kobolds
  8 rats
104 creatures vanquished.

Notes
Turn   | Place    | Note
-------+----------+-------------------------------------------
     0 | D:1      | Pooter the Minotaur Fighter began the quest for the Orb.
     0 | D:1      | Reached XP level 1. HP: 19/19 MP: 0/0
   249 | D:1      | Reached XP level 2. HP: 27/27 MP: 1/1
   327 | D:1      | Reached skill level 3 in Axes
   961 | D:2      | Reached XP level 3. HP: 33/33 MP: 2/2
  1016 | D:2      | Reached skill level 1 in Stealth
  1492 | D:2      | Reached skill level 1 in Long Blades
  1492 | D:2      | Reached XP level 4. HP: 29/40 MP: 3/3
  1758 | D:3      | Found a radiant altar of Vehumet.
  1953 | D:3      | Found a snail-covered altar of Cheibriados.
  1976 | D:3      | Noticed Natasha
  1985 | D:3      | Killed Natasha
  1986 | D:3      | Reached skill level 4 in Axes
  2193 | D:3      | Found a shimmering altar of Xom.
  2329 | D:3      | Found a glowing golden altar of the Shining One.
  2528 | D:3      | Noticed Natasha
  2537 | D:3      | Killed Natasha
  2538 | D:3      | Reached XP level 5. HP: 38/47 MP: 4/4
  2737 | D:4      | Noticed an ogre
  2750 | D:4      | Killed an ogre
  2885 | D:4      | Noticed Blork the orc
  2893 | D:4      | Killed Blork the orc
  2894 | D:4      | Reached skill level 5 in Axes
  2894 | D:4      | Reached XP level 6. HP: 53/55 MP: 5/5
  2918 | D:4      | Identified a scroll of acquirement
  2919 | D:4      | Acquired a +5 broad axe of venom
  2960 | D:4      | Found a shadowy altar of Dithmenos.
  3016 | D:4      | Reached skill level 5 in Fighting
  3202 | D:4      | Reached skill level 1 in Throwing
  3425 | D:5      | Entered Level 5 of the Dungeon
  3658 | D:5      | Identified the +8 long sword of Terror {vorpal, rPois rF-
                  | rN+}
  3972 | D:5      | Acquired the ring of Qorup {rN+ Str+5}
  4080 | D:5      | Reached skill level 6 in Axes
  4080 | D:5      | Reached XP level 7. HP: 61/61 MP: 6/6
  4443 | D:6      | Found a staircase to the Ecumenical Temple.
  4451 | D:6      | Reached skill level 1 in Evocations
  4457 | D:6      | Reached skill level 7 in Axes
  4457 | D:6      | Reached XP level 8. HP: 47/70 MP: 7/7
  4489 | D:6      | Identified the +9 dagger of Indomitability {spect, rF-
                  | Dex+6}
  4532 | Temple   | Entered the Ecumenical Temple
  4636 | Temple   | Became a worshipper of Warmaster Okawaru
  4726 | D:6      | Found a hazy altar of Hepliaklqana.
  4778 | D:6      | Found a burning altar of Makhleb.
  4785 | D:6      | Identified the +0 robe of the Six of Wands {+Inv rC+++
                  | Int-3 Slay+2}
  4856 | D:6      | Reached skill level 8 in Axes
  4893 | D:6      | Engulfed by a cloud of freezing vapour

Illustrated notes

Levels and vault maps discovered:
D:1:      lemuel_arrival_tunnels, layout_basic, minivault_23,
          minmay_tromino_mix6
D:2:      layout_loops_ring
D:3:      layout_basic, mainiacjoe_overflow_tiny_flanked,
          mainiacjoe_overflow_surrounded_room,
          mainiacjoe_overflow_small_starburst, kennysheep_slug_shrine,
          uniq_natasha
D:4:      layout_rooms, nicolae_dithmenos_the_darkroom, serial_rivers,
          chequers_serial_rivers_micro_b, chequers_serial_rivers_marsh,
          chequers_serial_rivers_room_b, chequers_serial_rivers_micro_e,
          uniq_blork_the_orc
D:5:      layout_basic
D:6:      lemuel_ice_spiral_2, layout_rooms, bloody_makhleb,
          nicolae_gozag_seed_capital, mainiacjoe_overflow_24_doors,
          lemuel_coloured_pillars_altar, minmay_temple_entry_stoned_glass
Temple:   jpeg_temple_island

Skill      XL: |  1  2  3  4  5  6  7  8 |
---------------+-------------------------+-----
Axes           | 3 4 5 6 7 8 |  8.0
Shields        | 4 |  4.0
Fighting       | 4 5 6 |  6.6
Stealth        | 1 2 3 |  3.8
Long Blades    | 1 2 |  2.4
Throwing       | 1 2 3 |  3.3
Evocations     | 2 |  2.6
Armour         | |  3.6

Action                   |  1- 3 |  4- 6 |  7- 9 || total
-------------------------+-------+-------+-------++-------
Melee: War axe           |     6 |       |       ||     6
       Long sword        |    68 |    46 |    17 ||   131
       Headbutt          |    12 |    12 |     6 ||    30
       Broad axe         |       |    15 |    20 ||    35
 Fire: Hunting sling     |       |    11 |     3 ||    14
Throw: Dart              |     4 |    55 |     4 ||    63
  Use: Scroll            |       |     8 |       ||     8
       Potion            |       |       |     2 ||     2
Armor: Scale mail        |    30 |       |       ||    30
       Chain mail        |       |    35 |    37 ||    72
Dodge: Dodged            |    22 |    13 |    32 ||    67
Block: Buckler           |    10 |     8 |    17 ||    35

Table legend: (Time is in decaauts)
 A = Elapsed time spent in this place.
 B = Non-inter-level travel time spent in this place.
 C = Inter-level travel time spent in this place.
 D = Time resting spent in this place.
 E = Time spent auto-exploring this place.
 F = Levels seen in this place.
 G = Mean time per level.
                   A        B        C        D        E       F      G
               +--------+--------+--------+--------+--------+-----+--------+
         Total |   4954 |   4831 |    123 |     80 |   3760 |   7 |  707.7 |
       Dungeon |   4833 |   4725 |    108 |     80 |   3667 |   6 |  805.5 |
        Temple |    120 |    105 |     15 |      0 |     93 |   1 |  120.0 |
               +--------+--------+--------+--------+--------+-----+--------+

Top non-repeatable levels by time:
     D:5: 1001 daAuts
     D:3: 997 daAuts
     D:1: 940 daAuts
     D:2: 813 daAuts
     D:4: 746 daAuts
     D:6: 334 daAuts
  Temple: 120 daAuts
